Map: Honorgrounds LE

Players

Musumeci - Winner!

  • Race: Zerg Zerg
  • League: Diamond
  • Spawn Location: 5:00

A.I. 1 (Very Easy)

  • Race: Protoss Protoss
  • Spawn Location: 1:00

VOD

Have the link to the VOD?

Description

Time

  • Played on: March 11, 2017, 4:33 a.m.
  • Length: 4:20
Show
View Real Time Build Order
Export as new Build Order

Musumeci Zerg - Winner!

Build Orders: Pool Only 

Get SALT Encoding   

  12  0:01  Drone  
  13  0:17  Drone  
  14  0:30  Spawning Pool  
  14  0:31  Drone  
  14  0:34  Extractor  
  14  0:52  Extractor  
  14  0:56  Drone  
  14  1:02  Overlord  
  14  1:19  Queen  
  14  1:20  Zergling x6  
  19  1:33  Zergling x2  
  20  1:43  Zergling x2  
  21  1:54  Zergling x2  
  22  2:05  Overlord  
  22  2:23  Zergling x2  
  22  2:27  Zergling x6  
  22  2:28  Zergling x2  
  23  2:55  Metabolic Boost  
  22  3:02  Zergling x6  
  23  3:28  Zergling x2  
  23  3:29  Zergling x8  
  27  3:49  Zergling x4  
Show
View Real Time Build Order
Export as new Build Order

A.I. 1 (Very Easy) Protoss 

Build Orders:  

Get SALT Encoding   

  12  0:01  Probe (Chrono Boost)  
  13  0:11  Probe (Chrono Boost)  
  14  0:20  Pylon  
  14  0:37  Assimilator  
  14  0:42  Gateway  
  14  0:48  Pylon  
  14  1:18  Assimilator  
  14  1:23  Probe (Chrono Boost)  
  15  1:31  Cybernetics Core  
  15  1:34  Probe (Chrono Boost)  
  16  1:45  Probe (Chrono Boost)  
  17  1:55  Probe (Chrono Boost)  
  18  2:07  Probe (Chrono Boost)  
  19  2:08  Stalker  
  21  2:19  Probe (Chrono Boost)  
  22  2:35  Pylon  
  23  2:45  Probe (Chrono Boost)  
  23  2:48  Pylon  
  23  3:03  Probe (Chrono Boost)  
  22  3:21  Pylon  
  22  3:27  Pylon  
  22  3:52  Pylon  
  20  3:59  Pylon, Probe (Chrono Boost)  
  10  4:09  Probe (Chrono Boost)  
Tags
 
League
Diamond
Matchup
PvZ
Opening
Pool Only
Replay Pack
replay pack
Spawn Locations
Close Positions
Add a new tag
Caveats
  • Supply blocks, unpowered buildings, or Contaminate may cause inaccurate times.
  • Supply counts are checked every 10 seconds.